 Dungeon Crawl Stone Soup version 0.22-a0-283-g1871b15 (webtiles) character file.

61 varam the Sneak (level 3, 0/16 HPs)
             Began as a Spriggan Enchanter on Mar 19, 2018.
             Succumbed to an adder's poison
             ... on level 2 of the Dungeon.
             The game lasted 00:04:28 (2220 turns).

varam the Sneak (Spriggan Enchanter)                Turns: 2220, Time: 00:04:29

Health: 0/16       AC:  1    Str:  2 (4)  XL:     3   Next: 83%
Magic:  1/8        EV: 18    Int: 14 (17) God:
Gold:   66         SH:  0    Dex: 14 (16) Spells: 1/7 levels left

rFire    . . .     SeeInvis +   i - +1 dagger (drain)
rCold    . . .     Gourm    .   (shield restricted)
rNeg     . . .     Faith    .   b - +0 robe
rPois    .         Spirit   .   (helmet restricted)
rElec    .         Reflect  .   (no cloak)
rCorr    .         Harm     .   (gloves unavailable)
MR       .....                  (boots unavailable)
Stlth    +++.......             (no amulet)
HPRegen  0.05/turn              (no ring)
MPRegen  0.11/turn              (no ring)

@: lethally poisoned (0 -> -12), very quick
A: very small, unfitting armour, talons 1, see invisible, deformed body,
herbivore, speed 3, slow metabolism 2
a: no special abilities


You were on level 2 of the Dungeon.
You were not hungry.

You visited 1 branch of the dungeon, and saw 2 of its levels.

You collected 66 gold pieces.

Inventory:

Hand Weapons
 a - a +1 dagger
 f - a +0 short sword
 i - a +1 dagger of draining (weapon)
Armour
 b - a +0 robe (worn)
Scrolls
 c - a scroll of enchant armour {unknown}
 h - a scroll of remove curse {unknown}
 j - 2 scrolls of identify {unknown}
Potions
 e - a potion of degeneration
Comestibles
 d - 2 rations


   Skills:
 + Level 3.0 Short Blades
 - Level 3.0 Dodging
 + Level 6.1 Stealth
 - Level 2.6 Spellcasting
 - Level 3.6 Hexes


You had one spell level left.
You knew the following spells:

 Your Spells              Type           Power        Failure   Level  Hunger
a - Corona                Hex            ##.....      4%          1    #......
b - Ensorcelled Hibernat  Hex/Ice        #.....       16%         2    ###....
c - Confuse               Hex            ##......     16%         3    ###....


Dungeon Overview and Level Annotations

Branches:
Dungeon (2/15)

Altars:

Annotations:
D:2 Jessica


Innate Abilities, Weirdness & Mutations

You are very small and have problems with some larger weapons.
You are too small for most types of armour.
You have supernaturally acute eyesight. (SInv)
You are a herbivore.
You cover ground extremely quickly.
You need to consume almost no food.
You have sharp toenails.
Armour fits poorly on your strangely shaped body.


Message History

You are more poisoned.
The adder poisons you!
* * * LOW HITPOINT WARNING * * *
You feel sick.
* * * LOW HITPOINT WARNING * * *
You feel sick.
There is an open door here.
Items here: ))) † a whip; a club x2; a giant cockroach corpse It was a potion of degeneration.
There was something very wrong with that liquid.
You feel weakened.
You feel dopey.
You feel clumsy.
* * * LOW HITPOINT WARNING * * *
You feel sick.
The adder stops glowing.
The adder misses you.
It was a potion of mutation.
You feel extremely strange.
Your body twists and deforms.
Your toenails lengthen and sharpen.
* * * LOW HITPOINT WARNING * * *
You feel sick. The adder misses you.
You die...

#.###÷##!.##....#..#
#....#. #.#(..#.(.
#..#.#..## ######.
##.#.#.#.=( #....#...#
#..# #. ...#...##..
####..#### #..###.
.###.[..##w###.##....#
# #......
......#####†'.g.#..#.#
#.#.#####
####.##.).g###l##..# #
##.#..#### ##
#.#..$K?#.#S#.[.#
#........# .#
#.#...[.#...)@..#
####.###.#
÷###.#....?#..####.#
#...##..
..##.##...##.. .# #
#...##.#
#.###.#####.## .#
#.##....... ...#
#....(# ## #.#...####.
.#.# ##..#. ...[
#....## #. .#.###....
... .....#.## ##
)#..##..# ... .... #.#
.##.##..# .. ... #.#


You could see an adder.

Vanquished Creatures
  2 adders (D:2)
  A worm (D:2)
  A dart slug (D:1)
  2 leopard geckos (D:2)
  3 bats (D:1)
  2 giant cockroaches
  4 goblins
  5 hobgoblins
  A jackal (D:2)
  2 ball pythons (D:2)
  A frilled lizard (D:2)
  7 kobolds
  5 rats
36 creatures vanquished.

Notes
Turn   | Place    | Note
-------+----------+-------------------------------------------
     0 | D:1      | varam the Spriggan Enchanter began the quest for the Orb.
     0 | D:1      | Reached XP level 1. HP: 9/9 MP: 5/5
   159 | D:1      | Reached skill level 5 in Stealth
   159 | D:1      | Reached XP level 2. HP: 7/13 MP: 3/6
   872 | D:1      | Reached skill level 2 in Short Blades
   998 | D:1      | Learned a level 2 spell: Ensorcelled Hibernation
  1299 | D:2      | Reached XP level 3. HP: 12/16 MP: 1/8
  1738 | D:2      | Noticed Jessica
  1746 | D:2      | Learned a level 3 spell: Confuse
  2129 | D:2      | Noticed an ogre
  2168 | D:2      | Reached skill level 6 in Stealth
  2202 | D:2      | Reached skill level 3 in Short Blades
  2219 | D:2      | Gained mutation: Armour fits poorly on your strangely shaped body. [potion of mutation]
  2219 | D:2      | Gained mutation: You have sharp toenails. [potion of mutation]
  2219 | D:2      | HP: 1/16 [poisoned by an adder]
  2220 | D:2      | Succumbed to an adder's poison

Vault maps used:
D:1:      sevenhm_arrival_forest_fort_small_4
D:2:      minmay_joined_circles, uniq_jessica

Skill      XL: |  1  2  3 |
---------------+----------+-----
Stealth        | 5 6 |  6.1
Short Blades   | 2 3 |  3.0
Dodging        | |  3.0
Spellcasting   | |  2.6
Hexes          | |  3.6

Action                   || total
-------------------------++-------
Melee: Dagger            ||    63
       Short sword       ||    50
 Cast: Corona            ||    25
       Ensorcelled Hiber ||    11
       Confuse           ||     1
  Use: Potion            ||     2
 Stab: Sleeping          ||    15
       Distracted        ||     1
Armor: Robe              ||     8
Dodge: Dodged            ||    92

Table legend:
 A = Spawn XP
 B = Non-spawn XP
 C = Spawn XP percentage of total XP
 D = Spawn monster count
 E = Non-spawn monster count
 F = Spawn count percentage of total count
 G = Total turns spent on level
                    A         B        C        D         E        F      G
               +---------+---------+-------+---------+---------+-------+---------
         Total |       0 |      88 |   0.0 |       0 |      36 |   0.0 |  2220
               +---------+---------+-------+---------+---------+-------+---------
           D:1 |       0 |      29 |   0.0 |       0 |      19 |   0.0 |  1230
           D:2 |       0 |      59 |   0.0 |       0 |      17 |   0.0 |   990
               +---------+---------+-------+---------+---------+-------+---------
